 Seeded DCSS version 0.28.0-53-g5a82cb258f (console) character file.

Game seed: 16485589664932812168 (custom seed)

379 grimtooth the Conjurer (level 6, 0/34 (36) HPs)
             Began as an Octopode Hedge Wizard on June 25, 2022.
             Slain by a wight
             ... wielding a +4 flail
              (10 damage)
             ... on level 4 of the Dungeon.
             The game lasted 00:17:20 (4082 turns).

grimtooth the Conjurer (Octopode Hedge Wizard)      Turns: 4082, Time: 00:17:21

HP:   0/34 (36)     AC:  1    Str: 10    XL:     6   Next: 74%
MP:   4/10          EV: 13    Int: 18    God:
Gold: 135           SH:  0    Dex: 11    Spells: 5/11 levels left

rFire   . . .      SeeInvis .   a - +2 dagger (elec)
rCold   . . .      Faith    .   (no shield)
rNeg    . . .      Spirit   .   b - +0 hat
rPois   .          Reflect  .   g - amulet of regeneration
rElec   .          Harm     .   (no ring)
rCorr   .          Rampage  .   (no ring)
Will    .....                   (no ring)
Stlth   +++.......              (no ring)
HPRegen 0.91/turn               (no ring)
MPRegen 0.12/turn               (no ring)
                                (no ring)
                                (no ring)

@: drained
A: almost no armour, amphibious, 8 rings, camouflage 1, gelatinous body 1,
(nimble swimmer 1), tentacles
a: no special abilities


You were on level 4 of the Dungeon.
You visited 1 branch of the dungeon, and saw 4 of its levels.

You collected 135 gold pieces.

Inventory:

Hand Weapons
 a - a +2 dagger of electrocution (weapon)
 k - a +0 short sword of venom
 l - a +0 dagger
Missiles
 h - 113 stones (quivered)
 m - 4 silver javelins
 p - 5 silver boomerangs
 q - 4 boomerangs
 u - 4 javelins
 y - 24 sling bullets
Armour
 b - a +0 hat (worn)
Jewellery
 g - an amulet of regeneration (around mantle)
 n - a ring of fire
 w - an amulet of reflection
 x - an amulet of magic regeneration
Scrolls
 d - 2 scrolls of identify {unknown}
 e - 2 scrolls of teleportation
 o - a scroll of amnesia {unknown}
 r - a scroll of vulnerability {unknown}
 t - a scroll of holy word {unknown}
 v - 2 scrolls of fear {unknown}
 A - a scroll of immolation {unknown}
 B - 2 scrolls of blinking
 C - a scroll of magic mapping {unknown}
Potions
 c - 2 potions of curing {unknown}
 f - a potion of heal wounds {unknown}
 i - a potion of attraction {unknown}
 j - a potion of degeneration {unknown}
 s - a potion of berserk rage {unknown}
 z - a potion of mutation {unknown}


   Skills:
 - Level 2.0 Dodging
 + Level 3.6 Stealth
 - Level 3.0 Spellcasting
 - Level 6.0 Conjurations
 * Level 2.5 Summonings
 - Level 1.0 Translocations


You had 5 spell levels left.
You knew the following spells:

 Your Spells              Type           Power      Damage    Failure   Level
a - Magic Dart            Conj           96%        1d7       1%          1
b - Slow                  Hex            8%         N/A       16%         1
c - Call Imp              Summ           11%        N/A       9%          2
k - Blink                 Tloc           12%        N/A       16%         2

Your spell library contained the following spells:

 Spells                   Type           Power      Damage    Failure   Level
 Conjure Flame            Conj/Fire      13%        6-21      14%         3
 Animate Skeleton         Necr           4%         N/A       16%         1
 Pain                     Necr           8%         1d4       16%         1
 Mephitic Cloud           Conj/Pois/Air  9%         N/A       22%         3
 Gell's Gravitas          Tloc           6%         N/A       32%         3
 Teleport Other           Tloc           6%         N/A       32%         3
 Vampiric Draining        Necr           2%         2d6       43%         3
 Dispersal                Tloc           3%         N/A       100%        6


Dungeon Overview and Level Annotations

Branches:
Dungeon (4/15)             Temple (0/1) D:4

Altars:

Annotations:
D:1 flypport
D:2 Robin, Sigmund
D:4 Blork the orc, Menkaure


Innate Abilities, Weirdness & Mutations

You cannot wear most types of armour.
You are amphibious.
You can wear up to eight rings at the same time.
Your skin changes colour to match your surroundings (Stealth+).
Your rubbery body absorbs attacks. (AC +1, EV +1)
((You are camouflaged when in or above water. (Stealth+)))
You have tentacles for arms and can constrict up to eight enemies at once.


Message History

Casting: Magic Dart (safe; 1% risk of failure)
Confirm with . or Enter, or press ? or * to list all spells.
Aiming: Magic Dart (safe; 1% risk of failure)
Press: ? - help, Shift-Dir - straight line, f/p - wight
Aim: a wight, wielding a +5 hand axe and wearing a +0 robe (moderately damaged, 100% to hit)
The magic dart hits the wight but does no damage.
The wight is moderately damaged.
You completely miss the wight. You grab the wight.
The wight is moderately damaged.
You constrict the wight, but do no damage.
The wight hits you with a +5 hand axe!
You feel drained.
You hit the wight but do no damage. You squeeze the wight.
The wight is moderately damaged.
You constrict the wight, but do no damage.
The wight hits you with a +5 hand axe!
You hit the wight but do no damage. You squeeze the wight.
The wight is heavily damaged.
You constrict the wight, but do no damage.
The wight completely misses you.
Press: ? - help, v - describe, . - travel
Here: a wight, wielding a +5 hand axe and wearing a +0 robe (heavily damaged, constricted by you)
The floor, spattered with blood.
Casting: Magic Dart (safe; 1% risk of failure)
Confirm with . or Enter, or press ? or * to list all spells.
Aiming: Magic Dart (safe; 1% risk of failure)
Press: ? - help, Shift-Dir - straight line, f/p - wight
Aim: a wight, wielding a +5 hand axe and wearing a +0 robe (heavily damaged, constricted by you, 100% to hit)
The magic dart hits the wight.
The wight is heavily damaged.
You constrict the wight. The wight barely misses you.
You hit the wight but do no damage.
The wight is heavily damaged.
You constrict the wight. The wight hits you with a +5 hand axe!
* * * LOW HITPOINT WARNING * * *
Blink to where?
Press: ? - help, Dir - move target, p - wight You lose your grip on the wight.
As you read the scroll of blinking, it crumbles to dust.
The wight hits you with a +4 flail!
You die...

#.#
#.##########.#.#.###.##
#.# #......[.........#
#... #>#
#############..#.###.##
###[# #..<....#.....##
#...# #.####.####.....
#.# #.# #.# ###### #.#
#.# #.# # #.# #.#
#.######### #.# #.#
#.......... #.#
####.############## #.#
#.@z............... #.#
#)#########.####### #.#
#.# .# # #.# #z# .# .
#.# #.# .# . #.# #ยง#
.. #.#########.# ##
#.......)...#
#############


You could see 2 wights.

Vanquished Creatures
  A wight (D:4)
  3 orc priests
  An iguana (D:4)
  Jessica (D:3)
  Natasha (thrice) (D:2)
  3 adders
  A worm (D:2)
  2 dart slugs
  9 orcs
  8 ball pythons
  6 bats
  4 endoplasms
  4 giant cockroaches
  10 goblins
  6 hobgoblins
  6 kobolds
  3 quokkas
  3 frilled lizards
  6 rats
80 creatures vanquished.

Notes
Turn   | Place    | Note
-------+----------+-------------------------------------------
     0 | D:1      | grimtooth the Octopode Hedge Wizard began the quest for the
                  | Orb.
     0 | D:1      | Reached XP level 1. HP: 11/11 MP: 4/4
   337 | D:1      | Reached skill level 2 in Conjurations
   337 | D:1      | Reached XP level 2. HP: 17/17 MP: 4/6
   795 | D:1      | Reached XP level 3. HP: 16/21 MP: 2/7
   900 | D:1      | Reached skill level 3 in Conjurations
  1206 | D:1      | Learned a level 1 spell: Slow
  1209 | D:1      | Learned a level 2 spell: Blink
  1212 | D:1      | Learned a level 2 spell: Call Imp
  1244 | D:2      | Noticed Robin
  1765 | D:2      | Reached XP level 4. HP: 27/27 MP: 6/8
  1884 | D:2      | Noticed Sigmund
  1945 | D:2      | Noticed Natasha
  1954 | D:2      | Killed Natasha
  1955 | D:2      | Reached skill level 4 in Conjurations
  2087 | D:2      | Noticed Natasha
  2096 | D:2      | Killed Natasha
  2097 | D:2      | Reached XP level 5. HP: 30/31 MP: 6/9
  2195 | D:2      | Noticed Natasha
  2204 | D:2      | Killed Natasha
  2205 | D:2      | Reached skill level 5 in Conjurations
  2255 | D:2      | Identified the +1 scale mail of the First Friars {rElec
                  | SInv}
  2811 | D:3      | Found a faded altar of an unknown god.
  3093 | D:3      | Noticed Jessica
  3103 | D:3      | Killed Jessica
  3189 | D:3      | Reached XP level 6. HP: 36/36 MP: 4/10
  3380 | D:4      | Noticed Blork the orc
  3521 | D:4      | Noticed Menkaure
  3562 | D:4      | Found a staircase to the Ecumenical Temple.
  3830 | D:4      | Reached skill level 6 in Conjurations
  4082 | D:4      | Slain by a wight

Illustrated notes

Levels and vault maps discovered:
D:1:      lemuel_arrival_lava_pool, layout_rooms, minivault_19
D:2:      layout_loops_cross, uniq_robin, uniq_natasha, uniq_sigmund
D:3:      layout_basic, shapermc_ecumenical_altar_acropolis, serial_aquarium,
          aquarium_bridge_straight [aquarium_subvault_bridge,
          aquarium_subvault_wall, aquarium_subvault_bridge,
          aquarium_subvault_window], aquarium_bridge_square
          [aquarium_subvault_bridge, aquarium_subvault_window,
          aquarium_subvault_wall, aquarium_subvault_bridge], aquarium_window_1,
          aquarium_window_fake, aquarium_view_2f, aquarium_view_2b, uniq_jessica
D:4:      layout_loops_ring, minmay_temple_entry_glass, uniq_blork_the_orc,
          uniq_menkaure

Skill      XL: |  1  2  3  4  5  6 |
---------------+-------------------+-----
Conjurations   | 2 3 4 5 6 |  6.0
Stealth        | 3 |  3.6
Summonings     | 2 |  2.5
Dodging        | |  2.0
Spellcasting   | |  3.0
Translocations | |  1.0

Action                   |  1- 3 |  4- 6 || total
-------------------------+-------+-------++-------
Melee: Dagger            |    13 |    44 ||    57
       Constrict         |     5 |    12 ||    17
       Tentacles         |     2 |     9 ||    11
       Short sword       |     3 |       ||     3
 Cast: Magic Dart        |    85 |   101 ||   186
       Call Imp          |       |     2 ||     2
  Use: Scroll            |       |     3 ||     3
 Stab: Sleeping          |       |     2 ||     2
Armor: Skin              |     4 |     2 ||     6
Dodge: Dodged            |    19 |    20 ||    39
